 Dungeon Crawl Stone Soup version 0.30-a0-322-g102857c98e (webtiles) character file.

Game seed: 10464207000806799940

190 andgoliath the Cudgeller (level 5, -1/47 HPs)
             Began as an Armataur Warper on Oct 27, 2022.
             Slain by a bullfrog (2 damage)
             ... in a sewer.
             The game lasted 00:06:47 (2669 turns).

andgoliath the Cudgeller (Armataur Warper)          Turns: 2669, Time: 00:06:48

Health: -1/47      AC:  4    Str: 16 (18) XL:     5   Next: 41%
Magic:  6/9        EV:  9    Int: 10 (13) God:
Gold:   138        SH:  0    Dex:  8 (10) Spells: 7/9 levels left

rFire   . . .      SeeInvis .    a - +0 mace
rCold   . . .      Faith    .    (no shield)
rNeg    . . .      Spirit   .    b - +0 leather armour
rPois   .          Reflect  .    (no helmet)
rElec   .          Harm     .    f - scarf {repulsion}
rCorr   .          Roll     +    (no gloves)
Will    .....                    (no barding)
Stlth   +.........               (no amulet)
HPRegen 0.27/turn                (no ring)
MPRegen 0.11/turn                (no ring)

@: brilliant, attractive, repel missiles
A: large, rugged brown scales 3, deformed body, armoured tail, roll, long
tongue, awkward tongue
a: no special abilities


You were in a sewer.
You visited 1 branch of the dungeon, and saw 3 of its levels.
You also visited: Sewer.

You collected 138 gold pieces.

Inventory:

Hand Weapons
 a - a +0 mace (weapon)
Armour
 b - a +0 leather armour (worn)
 f - a scarf of repulsion (worn)
Scrolls
 c - 2 scrolls of blinking
 e - 8 scrolls of identify {unknown}
 j - a scroll of enchant weapon {unknown}
 m - a scroll of teleportation {unknown}
Potions
 g - a potion of attraction
 n - a potion of degeneration


   Skills:
 + Level 2.9 Fighting
 * Level 3.9 Maces & Flails
 - Level 0.8 Throwing
 - Level 1.2 Armour
 - Level 1.3 Dodging
 + Level 2.8 Spellcasting
 - Level 3.0 Translocations


You had 7 spell levels left.
You knew the following spells:

 Your Spells              Type           Power      Damage    Failure   Level
a - Blink                 Tloc           22%        N/A       16%         2

Your spell library contained the following spells:

 Spells                   Type           Power      Damage    Failure   Level
 Lesser Beckoning         Tloc           22%        N/A       30%         3
 Teleport Other           Tloc           11%        N/A       30%         3
 Vhi's Electric Charge    Tloc/Air       12%        N/A       50%         3
 Manifold Assault         Tloc           11%        N/A       71%         4


Dungeon Overview and Level Annotations

Branches:
Dungeon (3/15)              Sewer (1/1)

Altars:


Innate Abilities, Weirdness & Mutations

You are completely covered in rugged brown scales. (AC +3, +7% HP)
Armour fits poorly on your strangely shaped body.
You have a long armoured tail.
You roll when moving toward enemies. (Rampage)
Your long tongue fully drains potion bottles. (2x potion effects)
Your tongue gives you trouble enunciating. (1.5x scroll delay)


Message History

The bullfrog barely misses you. The bullfrog hits you.
* * * LOW HITPOINT WARNING * * *
The bullfrog closely misses you. The bullfrog barely misses you.
You hit the bullfrog.
You kill the bullfrog!
The bullfrog barely misses you.
The bullfrog hits you but does no damage.
You feel your intelligence returning.
You have reached level 5!
Okay, then.
Throw: 3 boomerangs (disperse)
Press: ? - help, Q - select action, (/) - cycle Shift-Dir - straight line, f - bullfrog
Aim: a bullfrog (45% to hit)
You throw a boomerang of dispersal.
The boomerang of dispersal closely misses the bullfrog.
The bullfrog closely misses you.
Throw: 2 boomerangs (disperse)
Press: ? - help, Q - select action, (/) - cycle Shift-Dir - straight line, f/p - bullfrog
Aim: a bullfrog (45% to hit)
You throw a boomerang of dispersal.
The boomerang of dispersal closely misses the bullfrog.
The bullfrog hits you.
* * * LOW HITPOINT WARNING * * *
The bullfrog barely misses you.
Throw: boomerang (disperse)
Press: ? - help, Q - select action, (/) - cycle Shift-Dir - straight line, f/p - bullfrog
Aim: a bullfrog (45% to hit)
You throw a boomerang of dispersal.
The boomerang of dispersal hits the bullfrog.
The bullfrog blinks!
The bullfrog is lightly wounded.
You feel stable enough to blink again.
Throw: throwing net
Press: ? - help, Q - select action, (/) - cycle Shift-Dir - straight line, f/p - bullfrog
Aim: a bullfrog (lightly wounded, 45% to hit)
You throw a throwing net.
The throwing net barely misses the bullfrog.
You hear a splash.
The bullfrog hits you.
You die...

≈≈≈≈~≈≈~.#
≈≈≈~≈≈~.# ~≈≈~≈≈~.#
~≈~≈~≈~.# ~≈~≈~≈~.#
≈.~~.~≈≈~≈≈~.# ###
≈??~~≈≈≈≈~≈~.# #.#
.$[|.≈≈≈~~≈~.# #∩#
..[~≈≈≈≈~~≈F@# #.#
~~.≈≈≈≈≈.~≈†§# #∩#
≈~≈≈≈≈≈≈.~≈~.# #.#
≈≈≈≈≈≈~≈.~≈~.# #.#
≈≈≈≈≈~≈~.~≈~.###~##
≈≈≈≈≈≈≈#.†≈~.##...#
≈≈≈≈≈≈≈#.~≈~.##.~~#
F≈F≈≈###.~≈~.##~~.#
##### #.~≈~.##~~.#


You could see a bullfrog.

Vanquished Creatures
  A bullfrog (Sewer)
  4 adders
  3 dart slugs
  An orc (D:3)
  10 ball pythons
  A bat (D:1)
  7 endoplasms
  7 giant cockroaches
  9 goblins
  8 hobgoblins
  7 kobolds
  5 quokkas
  8 frilled lizards
  6 rats
77 creatures vanquished.

Notes
Turn   | Place    | Note
-------+----------+-------------------------------------------
     0 | D:1      | andgoliath the Armataur Warper began the quest for the Orb.
     0 | D:1      | Reached XP level 1. HP: 18/18 MP: 3/3
   216 | D:1      | Reached XP level 2. HP: 25/25 MP: 4/4
   227 | D:1      | Learned a level 2 spell: Blink
   519 | D:1      | Reached XP level 3. HP: 29/31 MP: 6/6
   750 | D:1      | Found a faded altar of an unknown god.
  1757 | D:2      | Reached XP level 4. HP: 32/39 MP: 7/7
  2400 | D:3      | Found a glowing drain.
  2409 | Sewer    | Entered a sewer
  2644 | Sewer    | Noticed a bullfrog
  2644 | Sewer    | Noticed a bullfrog
  2665 | Sewer    | Killed a bullfrog
  2666 | Sewer    | Reached XP level 5. HP: 5/47 MP: 6/9
  2667 | Sewer    | HP: 1/47 [bullfrog (5)]
  2669 | Sewer    | Slain by a bullfrog

Illustrated notes

Levels and vault maps discovered:
D:1:      elethiomel_arrival_infinity_welcomes_careful_drivers,
          layout_loops_ring, hellmonk_ecumenical_altar_blasted, st_stairs_3,
          minmay_crystal_water
D:2:      layout_rooms
D:3:      layout_basic, portal_sewer_entry_d
Sewer:    sewer_frog_island_01

Skill      XL: |  1  2  3 |
---------------+----------+-----
Maces & Flails | 2 3 |  3.9
Fighting       | 2 |  2.9
Spellcasting   | 2 |  2.8
Throwing       | |  0.8
Armour         | |  1.2
Dodging        | |  1.3
Translocations | |  3.0

Action                   |  1- 3 |  4- 6 || total
-------------------------+-------+-------++-------
Melee: Mace              |   146 |    87 ||   233
       Tailslap          |    10 |    10 ||    20
Throw: Boomerang         |       |     7 ||     7
       Throwing net      |       |     1 ||     1
 Cast: Blink             |     1 |     1 ||     2
  Use: Potion            |       |     5 ||     5
 Stab: Sleeping          |     1 |       ||     1
Armor: Leather armour    |    45 |    46 ||    91
Dodge: Dodged            |    76 |    58 ||   134
       Repelled          |     2 |       ||     2

Table legend: (Time is in decaauts)
 A = Elapsed time spent in this place.
 B = Non-inter-level travel time spent in this place.
 C = Inter-level travel time spent in this place.
 D = Time resting spent in this place.
 E = Time spent auto-exploring this place.
 F = Levels seen in this place.
 G = Mean time per level.
                   A        B        C        D        E       F      G
               +--------+--------+--------+--------+--------+-----+--------+
         Total |   2756 |   2738 |     18 |    399 |   1818 |   4 |  689.0 |
       Dungeon |   2462 |   2444 |     18 |    347 |   1697 |   3 |  820.7 |
         Sewer |    294 |    294 |      0 |     52 |    120 |   1 |  294.0 |
               +--------+--------+--------+--------+--------+-----+--------+

Top non-repeatable levels by time:
     D:1: 1329 daAuts
     D:2: 680 daAuts
     D:3: 452 daAuts
   Sewer: 294 daAuts
